AoeStats
← Anemone689082

MegaRandom

510369919Analyzed
2v2 RM · 1d ago on Sep 30, 2026· 31m 38s· 4 players
Game mode
Random Map
Map size
Medium (4 player)
Population
200
Speed
Normal
Resources
Standard
Victory
Conquest
Starting age
Dark Age
Ending age
Imperial Age
RankedLock teamsTeams togetherTeam positionsShared explorationLock speedFull tech treeHidden civsTurbo modeCheats
Victory
Defeat
🇨🇭 Maya · Switzerland
1166
+14
🇨🇭 Khmer · Switzerland
1103
+18
🇹🇷 Malians · Türkiye
1118
-15
🇳🇱 Slavs · Netherlands
1106
-15
Giraffetietje
4:08 Loom
9:57 Feudal Age
10:29 Double-Bit Axe
15:55 Castle Age
14:35 Forging
14:31 Scale Barding Armor
14:13 Horse Collar
16:27 Bloodlines
17:13 Wheelbarrow
16:52 Husbandry
17:50 Iron Casting
21:11 Gold Mining
27:44 Chain Barding Armor
34:10 Imperial Age
aksoy14537540
9:55 Feudal Age
11:17 Loom
15:35 Castle Age
14:13 Bloodlines
13:54 Arson
14:18 Double-Bit Axe
14:12 Man-at-Arms
14:55 Horse Collar
20:41 Fletching
21:02 Forging
21:27 Elite Skirmisher
23:43 Ballistics
24:22 Wheelbarrow
25:00 Husbandry
26:06 Thumb Ring
30:11 Imperial Age
30:03 Bodkin Arrow
30:43 Iron Casting
30:09 Padded Archer Armor
30:28 Heavy Camel Rider
31:17 Scale Barding Armor
Anemone689082
0:32 Loom
11:54 Feudal Age
16:09 Castle Age
14:09 Double-Bit Axe
15:10 Gold Mining
15:01 Horse Collar
15:49 Fletching
16:00 Padded Archer Armor
16:05 Stone Mining
16:13 Crossbowman
16:59 Bodkin Arrow
18:20 Thumb Ring
21:54 Leather Archer Armor
22:29 Ballistics
28:17 Imperial Age
27:57 Wheelbarrow
27:08 Town Watch
28:19 Capped Ram
28:23 Arbalester
30:35 Chemistry
30:56 Bracer
31:27 Ring Archer Armor
31:43 Conscription
31:33 Siege Ram
pascal.rotzinger
8:03 Loom
10:23 Feudal Age
14:38 Double-Bit Axe
15:02 Scale Barding Armor
16:24 Wheelbarrow
16:20 Forging
20:40 Castle Age
20:40 Horse Collar
22:12 Chain Barding Armor
22:28 Iron Casting
26:30 Imperial Age
24:30 Husbandry
24:40 Bloodlines
31:42 Plate Barding Armor
32:07 Blast Furnace
31:55 Fletching
Connection lost

Rejoining the realm…

Still unreachable

The connection could not be restored.

Session expired

The server has moved on; the page needs a fresh start.